Construct Section Command Post
Selects Heavy Armor Battlegroup
Construct Field Infirmary
Selects Rigorous Vehicle Training
Selects Light Vehicle Withdraw and Refit
Selects Engineer Detachments
Selects Light Vehicle Withdraw and Refit
Construct Platoon Command Post
Light Vehicle Withdraw and Refit
Construct Company Command Post
Light Vehicle Withdraw and Refit
Light Vehicle Withdraw and Refit
6-pounder Anti-tank Gun Team
6-pounder Anti-tank Gun Team
Selects Forward Repair Assembly
Selects Churchill Black Prince Heavy Tank